Zazza, neutral female human Tourist -------------- ------ ############### #.............| |.....######----------- ###|........<...| |....| |.........| # |............| ----- -.---- |..........# # #-............| |...| ### |.[.......|# # #|............| # |...| # |.........|# # #-|------------################# f |...| ### #..........|# # # #### ------# #&@ -|--- # ###-----------# # # # |....|# # ## ----.- # # # # ### |.#..|# `## # |.....### # # # # |.....# # # |....| ### # # ### |....|### # |....| #-------# # # #-....|# # |....| #|.....|### ## ###|....|# # ------ #..>....## -----.------- # ------####### # |.....| # |............############## # -.-.-- ------- ######............| # ###|....| |............### #.....| ------------- ------ Zazza the Sightseer Experience level: 4 Strength: 15 Dexterity: 15 Constitution: 15 Intelligence: 12 Wisdom: 7 Charisma: 17 Health: 0(35) Energy: 10(10) Def: 0 Gold: 0 Moves: 3098 Dungeon seed: T-BygVXEUjw0PzSC Game ID: Zazza_1535400599 Your Inventory: Amulets p - an uncursed amulet versus poison (being worn) Weapons a - 36 +2 darts (in quiver) s - 3 +0 orcish daggers (wielded) Armor e - an uncursed +0 Hawaiian shirt q - an uncursed +0 pair of jumping boots z - an uncursed +0 orcish helm Comestibles b - an uncursed tripe ration c - an uncursed apple f - 6 uncursed food rations g - an uncursed egg G - an uncursed egg M - 2 uncursed lembas wafers O - 2 uncursed candy bars P - an uncursed pancake Q - an uncursed lembas wafer R - 2 uncursed food rations Scrolls k - a blessed scroll of magic mapping l - 3 uncursed scrolls of magic mapping I - an uncursed scroll of create monster Potions i - an uncursed potion of extra healing w - an uncursed potion of fruit juice J - a cursed potion of full healing Rings K - a cursed ring of polymorph Tools m - an expensive camera (0:53) n - an uncursed credit card u - an uncursed tin opener Gems y - an uncursed worthless piece of yellowish brown glass N - an uncursed worthless piece of orange glass Spells and supernatural/magical abilities: Name Level Category Fail Memory W - pray for help -- divine ? -- Your skills at the end: Fighting Skills Weapon Skills dagger [Basic] dart [Basic] Spellcasting Skills Final Attributes: You were devoutly aligned. You were poison resistant. You are dead. Vanquished creatures: a rock piercer a fog cloud a straw golem a giant bat 2 iguanas a coyote a large kobold 3 hobgoblins a giant rat a gnome a gnome zombie 2 geckos 12 jackals 2 foxes 2 goblins a sewer rat 6 grid bugs 8 lichens 2 kobold zombies 7 newts 56 creatures vanquished. Voluntary challenges: You used a wielded weapon 66 times, starting on turn 537. You read items or engraved 3 times, starting on turn 1434. You never genocided any monsters. You never polymorphed an object. You never changed form. You used no wishes. You never split a pudding. You never wrote Elbereth's name. You never violated your personal moral code. Dungeon overview: The Dungeons of Doom: levels 1 to 5 Level 1 a long staircase Level 2 some fountains Level 3 an altar to The Lady a long staircase Level 4 a fountain Level 5 <- You were here a delicatessen, a sink History has recorded: On T:1 you entered the Dungeons of Doom to retrieve the Amulet of Yendor! On T:588 you reached level 2 of The Dungeons of Doom. On T:1173 you advanced to experience level 2. On T:1211 you reached level 3 of The Dungeons of Doom. On T:1790 you reached level 4 of The Dungeons of Doom. On T:2300 you advanced to experience level 3. On T:2444 you reached level 5 of The Dungeons of Doom. On T:2890 you advanced to experience level 4. Score breakdown: Gold: 0 ( 0 points) Experience: 4 levels ( 9649 points) Exploration: 5 levels ( 10.42%) ( 8751 points) Discoveries: 1 item ( 0.34%) ( 1737 points) Valuables value: (no points given unless you survive) Artifact value: 0 ( 0 points) Variety of kills: 20 monsters ( 5.25%) ( 6873 points) Turncount: 3098 turns ( -647 points) Survival: died (score multiplied by 80%) Total score: 21090 Latest messages: You feel good enough to do it again. The incubus takes 512 zorkmids for services rendered! With great effort you move the boulder. You try to move the boulder, but in vain. (2x) Armand misses the incubus. You displace Armand. The incubus acts as though he has got a headache. The incubus hits! (2x) Armand misses the incubus. The incubus acts as though he has got a headache. (2x) The incubus hits! (2x) Armand misses the incubus. Armand bites the incubus. You hit it. The incubus acts as though he has got a headache. The incubus hits! (2x) Armand bites the incubus. The incubus pretends to be friendly to Armand. The incubus misses Armand. (2x) The incubus acts as though he has got a headache. You die... Final status: Aloha Zazza the Tourist, killed by an incubus... You died in The Dungeons of Doom on dungeon level 5 with 21090 points, and 0 pieces of gold, after 3098 moves. You were level 4 with a maximum of 35 hit points when you died.